 Seeded DCSS version 0.28-a0-1567-g1695149f81 (webtiles) character file.

Game seed: 7604 (custom seed)

224 knot the Chopper (level 5, 0/61 HPs)
             Began as a Demonspawn Berserker on Jan 20, 2022.
             Was a Follower of Trog.
             Slain by Duvessa (4 damage)
             ... on level 4 of the Dungeon.
             The game lasted 00:01:43 (3657 turns).

knot the Chopper (Demonspawn Berserker)             Turns: 3657, Time: 00:01:43

Health: 0/61       AC:  4    Str: 18    XL:     5   Next: 67%
Magic:  5/5        EV: 12    Int: 10    God:    Trog [*.....]
Gold:   168        SH:  6    Dex: 12    Spells: 4/4 levels left

rFire   . . .      SeeInvis .   a - +0 hand axe
rCold   . . .      Faith    .   (no shield)
rNeg    . . .      Spirit   .   b - +0 animal skin
rPois   .          Reflect  .   (no helmet)
rElec   .          Harm     .   o - +1 cloak {Will+}
rCorr   .          Rampage  .   (no gloves)
Will    +....                   (no boots)
Stlth   ..........              (no amulet)
HPRegen 0.20/turn               (no ring)
MPRegen 0.09/turn               (no ring)

@: berserking, very quick
A: hooves 2, large bone plates 2
a: Renounce Religion, Berserk


You were on level 4 of the Dungeon.
You worshipped Trog.
Trog was aware of your devotion.
You visited 1 branch of the dungeon, and saw 4 of its levels.

You collected 168 gold pieces.

Inventory:

Hand Weapons
 a - a +0 hand axe (weapon)
Missiles
 f - 76 stones (quivered)
 i - 49 sling bullets
 k - 5 poisoned darts
Armour
 b - a +0 animal skin (worn)
 o - a +1 cloak of willpower (worn)
Scrolls
 c - a scroll of noise {unknown}
 e - 3 scrolls of teleportation {unknown}
 g - 2 scrolls of blinking {unknown}
 h - a scroll of fear {unknown}
 j - a scroll of identify {unknown}
 n - a scroll of magic mapping {unknown}
Potions
 l - a potion of lignification {unknown}
 m - a potion of brilliance {unknown}


   Skills:
 - Level 3.0 Fighting
 + Level 5.9 Axes
 - Level 1.7 Armour
 - Level 1.7 Dodging


You had 4 spell levels left.
You didn't know any spells.
Your spell library contained the following spells:

 Spells                   Type           Power      Damage    Failure   Level
 Blink                    Tloc           0%         N/A       50%         2
 Ensorcelled Hibernation  Hex/Ice        0%         N/A       50%         2
 Passwall                 Tmut/Erth      0%         N/A       50%         2
 Sublimation of Blood     Necr           0%         N/A       50%         2
 Lesser Beckoning         Tloc           0%         N/A       75%         3
 Ozocubu's Armour         Ice            0%         N/A       75%         3
 Swiftness                Air            0%         N/A       75%         3
 Petrify                  Tmut/Erth      0%         N/A       98%         4
 Irradiate                Conj/Tmut      0%         3d13      100%        5
 Manifold Assault         Tloc           0%         N/A       100%        5
 Ozocubu's Refrigeration  Ice            0%         4d5       100%        7


Dungeon Overview and Level Annotations

Branches:
Dungeon (4/15)
 Temple: D:4-7

Altars:

Annotations:
D:4 Dowan, Duvessa


Innate Abilities, Weirdness & Mutations

You have hoof-like feet.
You are mostly covered in large bone plates. (SH +6)


Message History

No target in view!
Duvessa, Sister of Dowan comes into view.
She is wielding a +0 short sword.
Duvessa shouts!
You hear a shout!
Dowan, Brother of Duvessa comes into view.
He is wielding a +0 dagger.
There are monsters nearby!
Dowan gestures at Duvessa while chanting.
Duvessa seems to speed up.
Found a stone staircase leading down.
Duvessa hits you with a +0 short sword!
An iguana comes into view.
Dowan gestures wildly while chanting.
Dowan blinks!
There are monsters nearby!
The iguana hisses angrily.
You hit Duvessa. Your kick misses Duvessa.
Duvessa is lightly wounded.
Duvessa hits you with a +0 short sword. x2
There are monsters nearby!
You barely miss Duvessa. Your punch misses Duvessa. You completely miss Dowan.
Duvessa hits you with a +0 short sword! Dowan hits you with a +0 dagger.
You are too injured to fight recklessly!
You are too injured to fight recklessly!
Unknown command.
A red film seems to cover your vision as you go berserk!
You feel yourself moving faster!
You feel mighty!
You can no longer call upon Trog for regeneration and willpower.
Duvessa says, "I don't care about looks, I care about technique!"
You block Duvessa's attack. Dowan hits you with a +0 dagger.
* * * LOW HITPOINT WARNING * * *
Duvessa misses you.
You slash Duvessa!
Duvessa is lightly wounded.
You completely miss Dowan. Duvessa hits you with a +0 short sword!
* * * LOW HITPOINT WARNING * * *
You closely miss Duvessa.
Duvessa is lightly wounded.
You slash Dowan! You block Dowan's attack.
You barely miss Duvessa.
Duvessa is lightly wounded.
You hit Dowan. Duvessa hits you with a +0 short sword.
You die...

## ####.###############
#####.....=......##.....
>.....####......# #.....
......e@........###.....
..#....e.#..............
#......####..#...#..<.
#8.l8..#............##
#8..8..#.#..######.†.#
≈≈≈..≈....#.## ##.#..
≈≈≈≈..≈≈≈....######..###
≈≈≈≈..≈≈≈≈≈≈......#.###≈
.≈≈≈≈≈≈≈≈≈≈....≈≈≈≈


You could see Duvessa (fast), Dowan and an iguana.

Vanquished Creatures
  A centaur (D:3)
  Crazy Yiuf (D:3)
  Terence (D:3)
  3 adders
  3 worms
  2 dart slugs (D:2)
  A ball python (D:4)
  6 bats
  2 endoplasms
  9 giant cockroaches (D:2)
  4 jackals (D:3)
  4 quokkas
  4 frilled lizards
  4 goblins
  3 kobolds (D:1)
  2 rats
50 creatures vanquished.

Vanquished Creatures (others)
  4 plants (D:1)
4 creatures vanquished.

Grand Total: 54 creatures vanquished

Notes
Turn   | Place    | Note
-------+----------+-------------------------------------------
     0 | D:1      | knot the Demonspawn Berserker began the quest for the Orb.
     0 | D:1      | Reached XP level 1. HP: 18/18 MP: 1/1
   364 | D:1      | Reached skill level 3 in Axes
   469 | D:1      | Gained mutation: You are partially covered in large bone
                  | plates. (SH +4) [demonic ancestry]
   469 | D:1      | Reached XP level 2. HP: 24/24 MP: 2/2
   652 | D:1      | Found a faded altar of an unknown god.
  1028 | D:2      | Gained mutation: You have large cloven feet. [demonic
                  | ancestry]
  1028 | D:2      | Reached XP level 3. HP: 29/29 MP: 3/3
  1033 | D:2      | Reached skill level 4 in Axes
  1349 | D:2      | Reached ** piety under Trog
  2498 | D:3      | Noticed a centaur
  2509 | D:3      | Killed a centaur
  2510 | D:3      | Reached skill level 5 in Axes
  2510 | D:3      | Gained mutation: You have hoof-like feet. [demonic
                  | ancestry]
  2510 | D:3      | Reached XP level 4. HP: 22/35 MP: 4/4
  2510 | D:3      | Gained mutation: You are mostly covered in large bone
                  | plates. (SH +6) [demonic ancestry]
  2510 | D:3      | Reached XP level 5. HP: 26/41 MP: 5/5
  2826 | D:3      | Noticed Terence
  2833 | D:3      | Killed Terence
  3083 | D:3      | Found a runed translucent door.
  3084 | D:3      | Noticed Crazy Yiuf
  3097 | D:3      | Killed Crazy Yiuf
  3648 | D:4      | Noticed Duvessa
  3648 | D:4      | Noticed Dowan
  3657 | D:4      | Slain by Duvessa

Illustrated notes

Levels and vault maps discovered:
D:1:      lightli_arrival_flooded_house, layout_loops_corners,
          chequers_ecumenical_altar_lobes
D:2:      minmay_roachtagon, layout_loops_corners, due_unseen_surprise
D:3:      layout_loops_ring, uniq_crazy_yiuf_cottage, uniq_terence
D:4:      wander_river, layout_rooms, uniq_duvessa

Skill      XL: |  1  2  3 |
---------------+----------+-----
Axes           | 3 5 |  5.9
Fighting       | |  3.0
Armour         | |  1.7
Dodging        | |  1.7

Action                   |  1- 3 |  4- 6 || total
-------------------------+-------+-------++-------
Melee: Hand axe          |    87 |    44 ||   131
       Punch             |     1 |       ||     1
       Kick              |    11 |     8 ||    19
Invok: Berserk           |     3 |     3 ||     6
Armor: Animal skin       |    15 |     2 ||    17
Dodge: Dodged            |    61 |    22 ||    83
Block: Other             |    18 |     8 ||    26

Table legend: (Time is in decaauts)
 A = Elapsed time spent in this place.
 B = Non-inter-level travel time spent in this place.
 C = Inter-level travel time spent in this place.
 D = Time resting spent in this place.
 E = Time spent auto-exploring this place.
 F = Levels seen in this place.
 G = Mean time per level.
                   A        B        C        D        E       F      G
               +--------+--------+--------+--------+--------+-----+--------+
         Total |   3707 |   3641 |     66 |    787 |   2501 |   4 |  926.8 |
       Dungeon |   3707 |   3641 |     66 |    787 |   2501 |   4 |  926.8 |
               +--------+--------+--------+--------+--------+-----+--------+

Top non-repeatable levels by time:
     D:2: 1764 daAuts
     D:3: 1094 daAuts
     D:1: 748 daAuts
     D:4: 99 daAuts
